 Dungeon Crawl Stone Soup version 0.31-a0-441-g867994ef1c (webtiles) character file.

Game seed: 17655670406503950035

2968 Gelion the Martial Artist (level 9, -1/66 HPs)
             Began as an Octopode Shapeshifter on Aug 2, 2023.
             Was an Initiate of Gozag.
             Engulfed by a fire crab's flame (20 damage)
             ... on level 8 of the Dungeon.
             The game lasted 00:14:17 (7670 turns).

Gelion the Martial Artist (Octopode Shapeshifter)   Turns: 7670, Time: 00:14:18

Health: -1/66      AC:  1    Str: 15    XL:     9   Next: 82%
Magic:  9/9        EV: 13    Int: 10    God:    Gozag
Gold:   782        SH:  0    Dex: 16    Spells: 8/8 levels left

rFire   . .          .
                       - Unarmed
rCold   . . .        (no shield)
rNeg    . . .        (helmet restricted)
rPois   .            (no amulet)
rElec   .            (no ring)
rCorr   .            (no ring)
SInv    .            (no ring)
Will    .....        (no ring)
Stlth   ++           (no ring)
HPRegen 0.31/turn    (no ring)
MPRegen 0.11/turn    (no ring)
                     (no ring)

%: no passive effects
@: about to teleport, maw-form, studying Unarmed Combat
A: devouring maw, almost no armour, amphibious, 8 rings, camouflage 1,
gelatinous body 1, (nimble swimmer 1), tentacles
a: Begin Untransformation, Renounce Religion, Potion Petition, Call Merchant,
Bribe Branch


You were on level 8 of the Dungeon.
You worshipped Gozag.
Gozag was pleased with you.
You were a creature with a mouth for a stomach.
You visited 2 branches of the dungeon, and saw 9 of its levels.

You collected 904 gold pieces.
You paid 122 gold pieces to Gozag.

Inventory:

Missiles
 u - 6 javelins
Armour
 g - a +0 kite shield
Talismans
 b - a beast talisman
 q - a maw talisman (active)
Wands
 c - a wand of digging (3)
 i - a wand of flame (14)
 p - a wand of roots (10)
Scrolls
 l - a scroll of amnesia
 m - a scroll of enchant armour
 o - 2 scrolls of enchant weapon
 s - 4 scrolls of immolation
Potions
 a - 2 potions of lignification
 d - a potion of enlightenment
 e - 2 potions of ambrosia
 f - 2 potions of resistance
 h - 4 potions of curing
 j - 2 potions of haste
 k - 2 potions of might
 r - 2 potions of brilliance
 z - a potion of berserk rage


   Skills:
 + Level 7.8 Fighting
 - Level 2.0 Dodging
 + Level 11.3 Unarmed Combat
 * Level 9.9 Shapeshifting


You had 8 spell levels left.
You didn't know any spells.
Your spell library contained the following spells:

 Spells                   Type           Power      Damage    Failure   Level
 Ensorcelled Hibernation  Hex/Ice        0%         N/A       50%         2
 Scorch                   Fire           0%         2d5       50%         2
 Tukima's Dance           Hex            0%         N/A       75%         3
 Anguish                  Hex/Necr       0%         N/A       98%         4
 Flame Wave               Conj/Fire      0%         2d4       98%         4
 Passage of Golubria      Tloc           0%         N/A       98%         4
 Summon Ice Beast         Ice/Summ       0%         N/A       98%         4
 Summon Mana Viper        Hex/Summ       0%         N/A       100%        5
 Yara's Violent Unravell  Hex/Tmut       0%         3d3       100%        5
 Summon Cactus Giant      Summ           0%         N/A       100%        6
 Monstrous Menagerie      Summ           0%         N/A       100%        7


Dungeon Overview and Level Annotations

Branches:
Dungeon (8/15)             Temple (1/1) D:6            Lair (0/5) D:8

Altars:
Ashenzari
Cheibriados
Dithmenos
Elyvilon
Fedhas
Gozag
Hepliaklqana
Kikubaaqudgha
Makhleb
Nemelex Xobeh
Okawaru
Qazlal
Ru
Sif Muna
Trog
Wu Jian
Xom
Yredelemnul
Zin
The Shining One

Shops:
D:1 :   D:2 [


Innate Abilities, Weirdness & Mutations

You are a creature with a mouth for a stomach.
Your midsection houses a second, enormous mouth.
You cannot wear most types of armour.
You are amphibious.
You can wear up to eight rings at the same time.
Your skin changes colour to match your surroundings (Stealth+).
Your rubbery body absorbs attacks. (AC +1, EV +1)
((You are camouflaged when in or above water. (Stealth+)))
You have tentacles for arms and can constrict up to eight enemies at once.


Message History

Found a yellow potion and a scroll labelled ZEFYIS OL KIR.
Found a staircase to the Lair.
An orc sorcerer, a fire crab and an orc come into view.
Found a colourful robe.
You see here 21 gold pieces.
The helpless steam dragon fails to defend itself.
You bludgeon the steam dragon! You squeeze the steam dragon.
You bite the steam dragon.
The steam dragon is severely wounded.
The steam dragon breathes steam at you. The ball of steam hits you!
The orc shouts!
You tentacle-slap the steam dragon. You bite the steam dragon.
The steam dragon is almost dead.
You tentacle-slap the steam dragon.
You kill the steam dragon!
A wizard comes into view. It is wielding a +0 dagger.
You are engulfed in a cloud of scalding steam.
The orc sorcerer gestures wildly while chanting.
Okay, then.
The neqoxec disappears in a puff of smoke!
The orc closely misses you.
You bludgeon the orc!
You kill the orc!
You start resting.
HP restored.
You now have 782 gold pieces (gained 5).
You see here a +0 club.
You see here a +0 club.
The fire crab breathes flames at you. The blast of flame engulfs you.
You are engulfed in blazing flames.
As you read the scroll of teleportation, it crumbles to dust.
You feel strangely unstable.
You are engulfed in blazing flames.
The fire crab breathes flames at you. The blast of flame engulfs you!
* * * LOW HITPOINT WARNING * * *
You are engulfed in blazing flames.
You die...
Your body crumbles into a pile of gold.

#......###### §§§§§ #......# #
.t§≈§. #......# # ≈§§§..##
#......# # ≈......#
############# .:...# #...#
#.#.# #...#
#####...##################...#
.......t☼.○○○W○○○○○○..........
######$###########....###...#
#...$.....# #....# #....
#..≈≈≈≈≈§≈o.# #....# ##...
#.≈≈##.##≈≈.# #....# #... #.≈#
... #≈.# #########... #.≈ .3[
~.# ......... .?. .o. ..#
######... ## ....p .. ####


You could see a fire crab.

Vanquished Creatures
  Grinder (D:4)
  4 steam dragons
  A water moccasin (D:7)
  Duvessa (D:6)
  3 sky beasts (D:7)
  An ogre (D:7)
  A phantom (D:6)
  A kobold brigand (D:8)
  2 bullfrogs
  5 scorpions
  Dowan (D:6)
  3 killer bees (D:7)
  2 orc priests
  Crazy Yiuf (D:5)
  3 hounds
  2 jellies
  2 gnoll boudas
  A sleepcap (D:4)
  2 iguanas
  3 orc wizards
  Robin (D:4)
  11 gnolls
  10 adders
  A shadow imp (D:8)
  2 white imps (D:7)
  2 ufetubi
  3 worms
  A dart slug (D:1)
  17 orcs
  6 ball pythons
  8 bats
  A bat zombie (D:3)
  5 endoplasms
  4 giant cockroaches
  14 goblins
  10 hobgoblins
  4 jackals (D:2)
  A quokka (D:4)
  2 frilled lizards
  14 kobolds
  8 rats
  2 rat zombies (D:3)
167 creatures vanquished.

Notes
Turn   | Place    | Note
-------+----------+-------------------------------------------
     0 | D:1      | Gelion the Octopode Shapeshifter began the quest for the
                  | Orb.
     0 | D:1      | Reached XP level 1. HP: 13/13 MP: 1/1
   139 | D:1      | Reached XP level 2. HP: 18/18 MP: 2/2
   196 | D:1      | Found a transporter.
   249 | D:1      | Found Itrymiz's Book Emporium.
   251 | D:1      | Found a transporter.
   261 | D:1      | Reached XP level 3. HP: 23/23 MP: 3/3
  1089 | D:2      | Found Udust's Antique Armour Shop.
  1314 | D:2      | Reached XP level 4. HP: 22/29 MP: 4/4
  1390 | D:2      | Identified the +1 short sword of Overwhelming Force {heavy,
                  | rN+ Str+4}
  1689 | D:3      | Identified a scroll of acquirement
  1689 | D:3      | Acquired a manual of Unarmed Combat
  2091 | D:3      | Reached XP level 5. HP: 35/35 MP: 5/5
  2496 | D:3      | Identified the +2 leather armour of Jeb Iczis {rF+++ Regen+
                  | Str+4 Dex-3}
  2500 | D:3      | Found an ancient bone altar of Kikubaaqudgha.
  2631 | D:3      | Reached skill level 9 in Unarmed Combat
  2631 | D:3      | Reached XP level 6. HP: 47/47 MP: 6/6
  2710 | D:4      | Noticed Robin
  2721 | D:4      | Killed Robin
  3072 | D:4      | Noticed Grinder
  3080 | D:4      | Killed Grinder
  3081 | D:4      | Reached XP level 7. HP: 42/53 MP: 7/7
  3318 | D:4      | Reached skill level 10 in Unarmed Combat
  3763 | D:5      | Entered Level 5 of the Dungeon
  3790 | D:5      | Reached XP level 8. HP: 48/58 MP: 8/8
  4221 | D:5      | Found a runed translucent door.
  4222 | D:5      | Noticed Crazy Yiuf
  4229 | D:5      | Killed Crazy Yiuf
  4607 | D:6      | Noticed Dowan
  4609 | D:6      | Noticed Duvessa
  4617 | D:6      | Killed Duvessa
  4620 | D:6      | Killed Dowan
  4964 | D:6      | Found a staircase to the Ecumenical Temple.
  4975 | Temple   | Entered the Ecumenical Temple
  4990 | Temple   | Became a worshipper of Gozag Ym Sagoz the Greedy
  5698 | D:7      | Reached XP level 9. HP: 55/64 MP: 9/9
  6505 | D:7      | Reached skill level 11 in Unarmed Combat
  7531 | D:8      | Found an ornate altar of the Wu Jian Council.
  7585 | D:8      | Found a staircase to the Lair.
  7586 | D:8      | Noticed an orc sorcerer
  7586 | D:8      | Noticed a fire crab
  7589 | D:8      | Noticed a wizard
  7670 | D:8      | Engulfed by a fire crab's flame

Illustrated notes

Levels and vault maps discovered:
D:1:      psy_arrival_radial02, layout_rooms, serial_shops,
          nicolae_shop_drivethru, serial_bayou_lake_a
D:2:      layout_basic, serial_shops, shop
D:3:      layout_loops_corners, lemuel_zombie_altar_kikubaaqudgha
D:4:      layout_gridville, uniq_grinder, uniq_robin
D:5:      layout_cave_pools, uniq_crazy_yiuf_cottage
D:6:      layout_basic, minmay_temple_entry_butterflies, kennysheep_flooded_box,
          uniq_duvessa
D:7:      layout_cave_pods, hangedman_misty_isle
D:8:      cheibrodos_wizards_tower, layout_basic, mainiacjoe_overflow_paths,
          amethyst_overflow_temple_binary, minmay_lair_entry_lava
Temple:   mainiacjoe_temple_bowtie_tessellation

Skill      XL: |  1  2  3  4  5  6  7  8  9 |
---------------+----------------------------+-----
Fighting       | 2 6 7 |  7.8
Shapeshifting  | 4 8 9 |  9.9
Unarmed Combat | 9 10 11 | 11.3
Dodging        | |  2.0

Action                     |  1- 3 |  4- 6 |  7- 9 || total
---------------------------+-------+-------+-------++-------
  Melee: Unarmed           |    75 |    75 |   165 ||   315
         Constrict         |    22 |    17 |    28 ||    67
         Tentacles         |    13 |    13 |    33 ||    59
         Punch             |     2 |     3 |    17 ||    22
         Maw               |       |       |    16 ||    16
  Evoke: Wand              |       |       |     3 ||     3
    Use: Scroll            |       |    11 |    11 ||    22
         Potion            |       |     1 |       ||     1
   Stab: Sleeping          |    10 |     7 |     9 ||    26
         Distracted        |       |       |     1 ||     1
 Armour: Skin              |     5 |     4 |     7 ||    16
  Dodge: Dodged            |    31 |    22 |    64 ||   117
   Form: Maw               |       |       |     1 ||     1

Table legend: (Time is in decaauts)
 A = Elapsed time spent in this place.
 B = Non-inter-level travel time spent in this place.
 C = Inter-level travel time spent in this place.
 D = Time resting spent in this place.
 E = Time spent auto-exploring this place.
 F = Levels seen in this place.
 G = Mean time per level.
                   A        B        C        D        E       F      G
               +--------+--------+--------+--------+--------+-----+--------+
         Total |   7623 |   7356 |    267 |    122 |   6128 |   9 |  847.0 |
       Dungeon |   7598 |   7352 |    246 |    122 |   6128 |   8 |  949.8 |
        Temple |     24 |      3 |     21 |      0 |      0 |   1 |   24.0 |
               +--------+--------+--------+--------+--------+-----+--------+

Top non-repeatable levels by time:
     D:7: 1543 daAuts
     D:6: 1252 daAuts
     D:4: 1100 daAuts
     D:3: 968 daAuts
     D:2: 937 daAuts
     D:1: 738 daAuts
     D:5: 614 daAuts
     D:8: 443 daAuts
  Temple: 24 daAuts
